 Dungeon Crawl Stone Soup version 0.22-a0-359-g5e80d7e212 (webtiles) character file.

892415 KleinerIrrer the Executioner (level 27, -15/224 HPs)
             Began as a Formicid Fighter on Apr 18, 2018.
             Was the Champion of the Shining One.
             Killed from afar by a Brimstone Fiend (35 damage)
             ... with damnation
             ... on level 7 of Gehenna on Apr 19, 2018.
             The game lasted 04:53:28 (92390 turns).

KleinerIrrer the Executioner (Formicid Fighter)    Turns: 92390, Time: 04:53:30

Health: -15/224    AC: 50    Str: 20    XL:     27
Magic:  36/36      EV: 17    Int: 26    God:    the Shining One [******]
Gold:   4150       SH: 25    Dex: 10    Spells: 49/54 levels left

rFire    + + +     SeeInvis +   X - +5 executioner's axe (holy)
rCold    + + +     Gourm    .   y - +1 large shield {reflect}
rNeg     + + +     Faith    .   R - +12 crystal plate armour
rPois    +         Spirit   .   (helmet unavailable)
rElec    +         Reflect  +   V - +1 cloak of Starlight {rElec rC+ EV+4 Stlth--}
rCorr    .         Harm     .   M - +0 pair of gloves of Follow the Leader {rN+ MR++}
MR       +++++     Clarity  +   W - +1 pair of boots of Qeublaumil {-Cast rF++ Regen+ Int+4} Stlth ..........NoCast +
                                s - macabre finger necklace {rN+}
HPRegen  0.87/turn              h - ring of the Trout {rF+ rC+ rN+ Str-4}
MPRegen  0.25/turn              Z - ring "Qusucin" {rPois Dex+2}
                                K - ring of the Serpent {rElec rC+ MR+ Int+6}

@: glowing
A: permanent stasis, dig shafts and tunnels, four strong arms, antennae 3,
talons 1, clarity, clumsy 1, dopey 1, low mp 1, magic resistance 1, shaggy fur
1, subdued magic 1
}: 5/15 runes: serpentine, barnacled, silver, icy, abyssal
a: Dig, Shaft Self, Divine Shield, Cleansing Flame, Summon Divine Warrior,
Renounce Religion


You were on level 7 of Gehenna.
You worshipped the Shining One.
The Shining One was exalted by your worship.
You were not hungry.

You visited 14 branches of the dungeon, and saw 68 of its levels.
You visited the Abyss 1 time.
You visited 2 bazaars.
You also visited: Ice Cave and Wizlab.

You collected 9597 gold pieces.
You spent 5447 gold pieces at shops.

Inventory:

Hand Weapons
 N - a +4 arbalest of freezing
 S - the +6 battleaxe of Okawaru's Reproof {speed, rC++ MR+ Str+3}
   (Okawaru gifted it to you on level 14 of the Dungeon)

   Attacks with this weapon are significantly faster.
   It affects your strength (+3).
   It greatly protects you from cold.
   It affects your resistance to hostile enchantments.
 X - a +5 executioner's axe of holy wrath (weapon)
Missiles
 D - 2232 bolts
Armour
 w - a +0 large shield of protection
 y - a +1 large shield of reflection (worn)
 G - a scarf of resistance
 I - a +2 large shield of protection
 M - the +0 pair of gloves of Follow the Leader (worn) {rN+ MR++}
   (Okawaru gifted it to you on level 4 of the Depths)

   It protects you from negative energy.
   It affects your resistance to hostile enchantments.
 R - a +12 crystal plate armour (worn)
 V - the +1 cloak of Starlight (worn) {rElec rC+ EV+4 Stlth--}
   (You found it on level 3 of the Elven Halls)

   It affects your evasion (+4).
   It protects you from cold.
   It insulates you from electricity.
   It makes you much less stealthy.
 W - the +1 pair of boots of Qeublaumil (worn) {-Cast rF++ Regen+ Int+4}
   (Okawaru gifted it to you on level 3 of the Realm of Zot)

   It affects your intelligence (+4).
   It greatly protects you from fire.
   It prevents spellcasting.
   It increases your rate of regeneration.
Jewellery
 h - the ring of the Trout (left hand) {rF+ rC+ rN+ Str-4}
   (You bought it in a shop on level 1 of the Depths)

   [ring of positive energy]

   It affects your strength (-4).
   It protects you from fire.
   It protects you from cold.
   It protects you from negative energy.
 k - the ring "Titrinua" {rCorr +Blink rN++ Int-2 Dex+8}
   (You found it on level 2 of the Vaults)

   [ring of resist corrosion]

   It affects your intelligence (-2).
   It affects your dexterity (+8).
   It greatly protects you from negative energy.
   It lets you blink.
 s - the macabre finger necklace (around neck) {rN+}
   (You took it off a deep elf demonologist on level 3 of the Elven Halls)

   [amulet of nothing]

   It protects you from negative energy.
 x - an uncursed ring of flight
 E - an uncursed ring of protection from fire
 K - the ring of the Serpent (on amulet) {rElec rC+ MR+ Int+6}
   (You took it off a deep elf elementalist on level 3 of the Elven Halls)

   [ring of protection from cold]

   It affects your intelligence (+6).
   It protects you from cold.
   It insulates you from electricity.
   It affects your resistance to hostile enchantments.
 Z - the ring "Qusucin" (right hand) {rPois Dex+2}
   (You found it on level 1 of the Vaults)

   [ring of dexterity]

   It affects your dexterity (+2).
   It protects you from poison.
Wands
 l - a wand of clouds (5)
 p - a wand of paralysis (15)
 q - a wand of polymorph (4)
 r - a wand of random effects (64)
 F - a wand of flame (16)
 J - a wand of enslavement (19)
 P - a wand of digging (17)
 T - a wand of acid (9)
Scrolls
 f - 2 scrolls of amnesia
 i - 2 scrolls of holy word
 j - 20 scrolls of remove curse
 z - 5 scrolls of identify
 A - a scroll of silence
 B - 8 scrolls of fog
 H - 6 scrolls of fear
 L - 4 scrolls of vulnerability
 O - 6 scrolls of magic mapping
Potions
 a - 4 potions of magic
 b - 25 potions of curing
 d - 12 potions of might
 g - 11 potions of mutation
 m - 2 potions of agility
 n - a potion of flight
 o - 12 potions of heal wounds
 t - 6 potions of resistance
 u - a potion of brilliance
 v - 3 potions of invisibility
 C - a potion of cancellation
Miscellaneous
 U - 3 phantom mirrors
Comestibles
 c - 6 chunks of flesh
 e - 70 rations


   Skills:
 - Level 20.1 Fighting
 - Level 26.0 Axes
   Level 0.5(18.0) Maces & Flails
 - Level 24.1 Armour
 - Level 25.0 Dodging
 - Level 23.7 Shields
 + Level 14.0 Spellcasting
 + Level 14.0 Summonings
 - Level 22.0 Invocations


You had 49 spell levels left.
You knew the following spells:

 Your Spells              Type           Power        Failure   Level  Hunger
a - Aura of Abjuration    Summ           ######....   3%          5    ##.....


Dungeon Overview and Level Annotations

Branches:
Dungeon (15/15)            Temple (1/1) D:5            Lair (6/6) D:11
 Shoals (4/4) Lair:3        Snake (4/4) Lair:4        Slime (0/5) Lair:6
    Orc (2/2) D:9             Elf (3/3) Orc:2        Vaults (5/5) D:14
  Crypt (3/3) Vaults:3       Tomb (0/3) Crypt:3      Depths (5/5) D:15
   Hell (1/1)                 Dis (0/7) Hell            Geh (7/7) Hell
    Coc (7/7) Hell            Tar (0/7) Hell            Zot (5/5) Depths:5

Altars:
Ashenzari
Cheibriados
Dithmenos
Elyvilon
Fedhas
Gozag
Hepliaklqana
Kikubaaqudgha
Makhleb
Nemelex Xobeh
Okawaru
Qazlal
Ru
Sif Muna
Trog
Uskayaw
Vehumet
Wu Jian
Xom
Yredelemnul
Zin
The Shining One
Beogh
Jiyva

Shops:
D:4 ?   D:11 %   D:12 }   Orc:2 ?}*(   Elf:3 *   Shoals:4 [%[[(   Snake:1 !
Vaults:4 %[=[%   Depths:1 =}=   Depths:2 [%*(   Depths:3 [(

Portals:
Hell: Depths:1 Depths:2 Depths:3 Depths:4 Depths:5
Abyss: Depths:3 Depths:4
Pandemonium: Orc:2 Depths:3
Ziggurat: Depths:3
Trove: Depths:1 (give 5 potions of resistance)

Annotations:
D:7 2 transporters, 1 runed door


Innate Abilities, Weirdness & Mutations

You cannot be hasted, slowed, berserked, paralysed or teleported.
You can dig through walls and to a lower floor.
Your four strong arms can wield two-handed weapons with a shield.
You have a pair of large antennae on your head. (SInv)
You have sharp toenails.
You possess an exceptional clarity of mind.
You are clumsy. (Dex -2)
You are dopey. (Int -2)
Your magical capacity is low. (-10% MP)
You are resistant to hostile enchantments. (MR+)
You are covered in fur. (AC +1)
Your spells are a little easier to cast, but a little less powerful.


Message History

* * * LOW HITPOINT WARNING * * *
The damnation engulfs your daeva.
Your daeva dies!
The damnation engulfs your daeva.
The damnation engulfs the Brimstone Fiend.
The Brimstone Fiend completely resists.
You swap places.
Your daeva calls down the wrath of the Shining One upon the Brimstone Fiend.
The Brimstone Fiend is smitten.
The Brimstone Fiend hits your daeva! x2
The Brimstone Fiend closely misses your daeva.
Your daeva blocks the Brimstone Fiend's attack.
The Brimstone Fiend hits your daeva!
Your daeva dies!
The Brimstone Fiend gestures at you.
The sphere of damnation explodes!
The damnation engulfs the Brimstone Fiend.
The Brimstone Fiend completely resists.
The damnation engulfs the Brimstone Fiend.
The Brimstone Fiend completely resists.
The damnation engulfs you!
You die...

..,,,,*,,,,,$$$##############....
..,,,,*,,,,,,$}#.A..........'....
Z9,,,,*,,,,,,$$#............#....
§..,,,*,,,,,,}$#)################
hh.,,,******##'#.............#,,,
≈h.,,,*,,,,,,'.#..........A..#,,{
§≈.,,,*,,,,,,#1#.........A...#,,≈
§...,,*,,,,,,#1#############'#,≈≈
≈hh.,,*,,,,,,#..@............#,≈≈
≈≈≈.,,*******##1##############,,,
§§§§,,,,{{,,,*#1..,,,,,,,**,,,,,{
≈§≈§§≈.,,,,,,*##....,,,,,**,,,,,,
≈§≈≈§§≈,,,,,,,**.....1,{,**,,,,≈≈
≈§≈§≈§§≈≈≈,,,,**######+****,,≈≈§§
≈≈≈§≈§§≈≈≈≈,,,********+**##..§≈≈≈
§≈≈≈≈§≈≈≈≈≈≈≈,,**,,,,,,*#...≈≈§§≈
§§§§§§≈≈≈≈≈≈,,,**,,,,,,*#...h§≈§§


You could see 3 Brimstone Fiends.

Vanquished Creatures
  Antaeus (Coc:7)
  9 orbs of fire
  Mennas (Vaults:4)
  Mara (Depths:1)
  6 ancient liches
  A juggernaut (Depths:2)
  Bai Suzhen (Vaults:3)
  16 shard shrikes
  Frederick (Depths:3)
  Saint Roka (Depths:2)
  Margery (Vaults:4)
  Xtahua (Vaults:4)
  A curse toe (Zot:3)
  A Killer Klown (Zot:5)
  7 golden dragons
  5 caustic shrikes
  Jory (Vaults:3)
  the Enchantress (Depths:4)
  2 bone dragons
  7 Brimstone Fiends
  Jorgrun (Vaults:4)
  2 electric golems (Zot:5)
  2 Hell Sentinels (Abyss:1)
  10 tentacled monstrosities
  Rupert (Depths:3)
  16 titans
  17 Ice Fiends
  17 liches
  25 Orb Guardians (Zot:5)
  Asterion (Depths:3)
  10 deep elf master archers
  5 deep elf blademasters
  6 sphinxes
  Frances (Shoals:2)
  10 tentacled starspawn
  6 quicksilver dragons
  4 ancient champions
  14 death cobs
  An Executioner (Coc:7)
  12 storm dragons
  8 shadow dragons
  9 tengu reavers
  10 draconian monks
  Kirke (Shoals:3)
  Ilsuiw (Shoals:4)
  A revenant (Crypt:1)
  8 nagarajas
  Donald (Vaults:3)
  7 draconian knights
  An iron dragon (Depths:2)
  16 frost giants
  5 deep elf sorcerers
  19 vault wardens
  9 draconian scorchers
  Aizul (Shoals:1)
  A ghost moth (shapeshifter) (Vaults:4)
  A cacodemon (Abyss:1)
  14 fire giants
  3 ghost moths
  5 curse skulls
  Louise (Snake:1)
  8 balrugs
  5 draconian shifters
  18 ironheart preservers
  22 reapers
  8 deep elf elementalists (Elf:3)
  6 caustic shrike skeletons (Depths:4)
  10 draconian annihilators
  5 draconian stormcallers
  6 spriggan defenders
  An elemental wellspring (Coc:5)
  A ghoul (Abyss:3)
  3 war gargoyles
  An entropy weaver (Vaults:4)
  24 very ugly things
  10 deep elf demonologists
  16 green draconians
  33 stone giants
  23 black draconians
  18 red draconians
  4 vampire knights
  A dire elephant (Lair:4)
  13 white draconians
  11 purple draconians
  3 spark wasps (Depths:3)
  14 yellow draconians
  7 deep elf annihilators (Elf:3)
  8 deep elf death magi
  5 merfolk javelineers
  A green death (Abyss:3)
  7 blizzard demons
  8 merfolk impalers
  13 eidola
  15 ettins
  13 jiangshi
  The ghost of KleinerIrrer the Cleaver, a journeyman NaFi of Okawaru (Lair:2)
  11 fire dragons
  4 quicksilver dragon zombies
  9 great orbs of eyes
  4 deep elf high priests
  42 vault guards
  Harold (Lair:3)
  12 naga warriors
  9 hydras
  A monstrous demonspawn (Depths:3)
  3 kraken zombies
  15 yaktaur captains
  16 ice dragons
  6 rakshasas
  8 spriggan air magi
  14 anacondas
  The ghost of NihilVerum the Slinger, a journeyman HaHu (D:9)
  5 quicksilver dragon skeletons
  A satyr (shapeshifter) (Elf:2)
  3 catoblepae
  49 two-headed ogres
  11 centaur warriors
  7 merfolk aquamancers
  An anaconda (shapeshifter) (Depths:2)
  19 ogre magi
  2 alligator snapping turtles
  10 death knights
  4 merfolk avatars
  The ghost of dcssbrim the Severer, a novice MiBe of Trog (D:11)
  3 satyrs
  An alligator (shapeshifter) (Vaults:5)
  22 small abominations
  4 deep troll shamans
  11 tengu warriors
  21 hell hogs
  5 deep troll earth magi
  11 death yaks
  9 spriggan berserkers
  12 thrashing horrors
  5 orc high priests (Orc:2)
  5 vampire magi
  28 dancing weapons
  A shock serpent (shapeshifter) (Vaults:4)
  9 titan zombies
  40 deep elf knights
  5 storm dragon zombies
  Urug (D:15)
  15 shock serpents
  11 sun demons
  A fire crab (Geh:4)
  10 soul eaters
  8 titan skeletons
  17 naga sharpshooters
  42 skeletal warriors
  7 shadow wraiths
  27 hell knights
  6 wretched stars (Abyss:3)
  12 salamander mystics
  A fire crab (shapeshifter) (Vaults:4)
  An iron golem (Geh:6)
  A sixfirhy (Abyss:3)
  3 spatial maelstroms (Abyss:3)
  An iron troll (Hell)
  32 large abominations
  A death drake (Abyss:1)
  9 sea snakes
  20 deep trolls
  5 swamp dragons
  3 torturous demonspawn (Orc:2)
  4 storm dragon skeletons
  7 spriggan druids (Depths:4)
  4 golden dragon zombies
  10 flayed ghosts
  7 anaconda zombies
  3 glowing orange brains
  3 wizards
  25 deep elf archers
  9 naga ritualists
  5 unseen horrors
  A deep troll (shapeshifter) (Vaults:2)
  3 golden dragon skeletons
  2 shadow dragon skeletons
  26 ironbrand convokers
  2 orange crystal statues
  4 lindwurms (Snake:4)
  6 shadow dragon zombies
  2 kraken simulacra
  A tengu zombie (Hell)
  2 wolf spider zombies
  20 orc knights
  23 harpies
  18 phantasmal warriors
  7 iron dragon zombies
  24 necromancers
  16 mana vipers
  8 orc sorcerers
  7 anaconda skeletons
  5 frost giant zombies
  23 salamanders
  6 oklob plants
  9 wolf spiders
  4 stone giant zombies
  79 deep elf magi
  5 fire giant zombies
  4 worldbinders (Abyss:3)
  4 iron dragon skeletons
  8 fauns
  14 cyclopes
  60 ugly things
  17 manticores
  A shining eye (Abyss:1)
  A cyclops (shapeshifter) (Vaults:4)
  A sphinx skeleton (Depths:3)
  4 frost giant skeletons
  A centaur zombie (D:11)
  11 elephants
  27 moths of wrath
  6 dire elephant zombies
  9 guardian serpents
  A guardian serpent (shapeshifter) (Vaults:3)
  4 stone giant skeletons
  4 fire giant skeletons
  A black mamba (shapeshifter) (Depths:1)
  18 vault sentinels
  4 human skeletons
  2 elephants (shapeshifter)
  41 black mambas
  18 merfolk sirens
  An alligator snapping turtle zombie (Crypt:2)
  3 ice statues
  19 molten gargoyles
  14 spiny frogs
  3 eyes of devastation
  2 rust devils
  15 smoke demons
  5 apocalypse crabs (Abyss:3)
  2 emperor scorpion zombies
  3 centaur skeletons
  A gargoyle (D:10)
  23 naga magi
  A storm dragon simulacrum (Vaults:4)
  4 water nymphs
  2 shock serpent skeletons
  A rime drake (shapeshifter) (Depths:1)
  9 komodo dragons
  10 hellions
  6 orange demons
  2 alligator snapping turtle skeletons (Crypt:2)
  6 dire elephant skeletons
  35 freezing wraiths
  69 yaktaurs
  A minotaur zombie (Geh:5)
  A minotaur skeleton (Geh:1)
  An anaconda simulacrum (Coc:7)
  10 ancient zymes
  2 rime drakes
  25 ice devils
  11 tormentors
  15 hellwings
  35 merfolk
  7 efreet
  A guardian mummy (Crypt:3)
  14 hydra zombies
  24 polar bears
  3 tengu conjurers
  A silent spectre (Abyss:3)
  A meliai (shapeshifter) (Depths:2)
  2 harpy zombies
  12 red devils
  4 trolls
  A yaktaur skeleton (Vaults:4)
  A troll (shapeshifter) (Vaults:4)
  3 jumping spiders (Crypt:3)
  A polar bear (shapeshifter) (Vaults:1)
  4 harpy skeletons
  7 wind drakes
  22 slime creatures
  9 hippogriffs
  12 hydra skeletons
  3 meliai (D:15)
  32 hornets
  A hornet (shapeshifter) (Depths:4)
  23 raiju
  3 ettin zombies
  2 slime creatures (shapeshifter)
  3 human simulacra
  2 sphinx simulacra
  3 ice dragon zombies
  5 fire dragon zombies
  11 dream sheep
  A dream sheep (shapeshifter) (Abyss:3)
  A hippogriff (shapeshifter) (Vaults:3)
  11 blink frogs
  A frost giant simulacrum (Vaults:2)
  6 alligator zombies
  A deep troll zombie (Hell)
  3 ettin skeletons
  12 snapping turtles
  6 ynoxinuls
  2 air elementals
  72 flying skulls
  4 redbacks
  64 yaks
  5 ice dragon skeletons
  14 shadows
  2 tarantellas (Vaults:4)
  7 vampires
  A wind drake zombie (Crypt:2)
  2 spriggans (shapeshifter)
  An orc simulacrum (Vaults:3)
  2 fire dragon skeletons
  4 wyverns
  34 wraiths
  An alligator skeleton (Geh:1)
  A fire bat (shapeshifter) (Depths:5)
  20 fire elementals
  A human (D:8)
  21 water elementals
  61 spriggans
  5 fire bats (Abyss:3)
  2 ushabtiu (Crypt:3)
  A yak (shapeshifter) (Vaults:2)
  6 golden eyes
  5 basilisks
  5 hungry ghosts
  7 hogs
  A spatial vortex (Abyss:3)
  11 chaos spawn
  5 neqoxecs
  4 wargs
  An infernal demonspawn zombie (Crypt:1)
  38 nagas
  3 two-headed ogre zombies (WizLab)
  A naga (shapeshifter) (Depths:5)
  A soldier ant (D:11)
  A swamp worm (shapeshifter) (Abyss:3)
  A water moccasin (shapeshifter) (Depths:3)
  10 spiny frog zombies
  Duvessa (D:6)
  3 acid dragons
  A floating eye (shapeshifter) (Abyss:3)
  36 hell hounds
  A hydra simulacrum (Coc:4)
  12 porcupines
  13 water moccasins
  4 spiny frog skeletons
  A spriggan simulacrum (Depths:3)
  6 phantoms
  3 snapping turtle zombies
  A swamp dragon zombie (Geh:5)
  10 ice beasts
  53 orc warriors
  A sky beast (shapeshifter) (Vaults:2)
  A manticore zombie (Geh:1)
  5 sky beasts
  26 starcursed masses
  An eye of draining (Vaults:1)
  2 eyes of draining (shapeshifter)
  36 ogres
  2 alligator simulacra
  2 ettin simulacra
  4 necrophages
  19 boggarts
  3 manticore skeletons
  47 wolves
  20 centaurs
  4 swamp dragon skeletons
  9 crocodiles
  A snapping turtle skeleton (Crypt:3)
  4 big kobolds
  A yaktaur zombie (Hell)
  A gnoll sergeant (D:10)
  An elf skeleton (Crypt:3)
  17 bullfrogs
  A spiny frog simulacrum (Coc:6)
  Dowan (D:6)
  4 earth elementals
  6 wyvern skeletons
  3 scorpions
  A swamp dragon simulacrum (Coc:4)
  10 troll zombies (WizLab)
  17 wights
  3 electric eels
  A spriggan skeleton (Coc:5)
  A polar bear skeleton (Crypt:2)
  A raiju skeleton (Crypt:2)
  4 howler monkeys
  10 crimson imps
  2 quasits
  2 bullfrog zombies
  A human zombie (Crypt:3)
  25 orc wizards
  2 bullfrog skeletons
  4 hounds
  2 jellies
  3 iron imps
  23 orc priests
  2 iguanas
  9 worker ants
  2 hell rats (Hell)
  5 ogre zombies (WizLab)
  A sky beast zombie (Crypt:2)
  A tengu skeleton (Geh:4)
  A hound zombie (D:7)
  A hound skeleton (D:9)
  A mummy (Coc:5)
  A worker ant zombie (D:11)
  Robin (D:3)
  7 gnolls
  A river rat (D:11)
  8 adders
  A river rat (shapeshifter) (Depths:1)
  7 shadow imps
  18 white imps
  4 ufetubi
  An ooze (D:1)
  A halfling skeleton (Crypt:2)
  A worm (shapeshifter) (Abyss:3)
  5 worms
  A barachi skeleton (Crypt:1)
  8 leopard geckos
  93 orcs
  A bat zombie (Crypt:1)
  4 giant cockroaches
  11 goblins
  9 hobgoblins
  11 jackals
  24 kobolds
  3 quokkas
  6 bats
  A frilled lizard (D:1)
  A hobgoblin skeleton (Crypt:2)
  A jackal skeleton (D:4)
  A jackal zombie (Crypt:1)
  A kobold zombie (Geh:1)
  A leopard gecko skeleton (Crypt:1)
  3 orc skeletons
  A quokka zombie (Crypt:2)
  13 rats
  A rat zombie (Crypt:1)
  2 bushes (Bazaar)
  4 crawling corpses
  2 fungi
  A lurking horror (Abyss:3)
  9 plants
  11 starspawn tentacles
  4 tentacles
  7 withered plants (Crypt:3)
3842 creatures vanquished.

Vanquished Creatures (collateral kills)
  An ancient lich (Hell)
  Geryon (Hell)
  A profane servitor (Abyss:1)
  2 bone dragons
  2 liches
  A hellephant (Hell)
  4 Ice Fiends (Coc:7)
  2 deep elf master archers (Coc:7)
  A tentacled starspawn (Abyss:3)
  3 daevas
  A curse skull (Crypt:3)
  A balrug (Geh:7)
  5 reapers
  A war gargoyle (Hell)
  An elemental wellspring (Coc:7)
  A lorocyproca (Hell)
  A deep elf demonologist (Abyss:1)
  A yellow draconian (Coc:7)
  A blizzard demon (Coc:7)
  3 hell hogs
  A thrashing horror (Abyss:1)
  A titan zombie (Geh:1)
  2 iron golems (Hell)
  6 hell knights
  A soul eater (Hell)
  A storm dragon zombie (Hell)
  6 skeletal warriors (Coc:7)
  An iron troll (Hell)
  3 wretched stars
  A deep elf archer (Coc:7)
  6 necromancers
  A shadow dragon zombie (Hell)
  A fire giant zombie (Coc:7)
  A worldbinder (Abyss:1)
  2 rust devils (Hell)
  A molten gargoyle (Hell)
  A smoke demon (Hell)
  A dire elephant skeleton (Geh:1)
  A shock serpent skeleton (Geh:2)
  An anaconda simulacrum (Hell)
  3 ice devils (Coc:7)
  A hellion (Geh:1)
  A tormentor (Coc:7)
  A freezing wraith (Coc:7)
  5 red devils
  A large abomination (Abyss:1)
  2 hydra skeletons
  A fire dragon zombie (Coc:7)
  2 raiju (Abyss:1)
  A harpy skeleton (Abyss:1)
  A blink frog (Abyss:1)
  5 flying skulls
  An alligator skeleton (Geh:7)
  A shadow (Geh:1)
  4 fire elementals
  A water elemental (Hell)
  A basilisk (Abyss:3)
  3 hell hounds
  A spiny frog zombie (Geh:1)
  A phantom (Geh:7)
  3 wights (Geh:1)
  A crimson imp (Hell)
  An iron imp (Hell)
  5 hell rats (Hell)
  A spriggan simulacrum (Abyss:1)
  A starspawn tentacle (Abyss:1)
122 creatures vanquished.

Vanquished Creatures (others)
  A deep elf master archer (Coc:4)
  A draconian monk (Zot:2)
  A fire giant (Depths:3)
  A deep elf elementalist (Elf:3)
  3 elemental wellsprings (Coc:7)
  A merfolk javelineer (Abyss:3)
  A mummy priest (Crypt:3)
  2 hell hogs
  A salamander mystic (Depths:3)
  2 moths of wrath (Zot:5)
  A demonic crawler (Hell)
  A polar bear (IceCv)
  A hornet (Vaults:1)
  A golden eye (shapeshifter) (Abyss:3)
  2 golden eyes (Abyss:3)
  A wraith (Geh:1)
  2 small abominations (Abyss:3)
  An eye of draining (D:15)
  A centaur (D:15)
  A jelly (D:15)
  A quokka (D:14)
  An orc skeleton (Geh:2)
  A crawling corpse (Vaults:5)
  28 fungi
  2 lurking horrors (Abyss:3)
  16 plants
  24 starspawn tentacles
  18 tentacles
  13 toadstools (Lair:4)
  3 withered plants (Crypt:3)
133 creatures vanquished.

Grand Total: 4097 creatures vanquished

Notes
Turn   | Place    | Note
-------+----------+-------------------------------------------
     0 | D:1      | KleinerIrrer the Formicid Fighter began the quest for the Orb.
     0 | D:1      | Reached XP level 1. HP: 18/18 MP: 1/1
     0 | D:1      | 0 ||| counter = 6
   351 | D:1      | Reached XP level 2. HP: 21/24 MP: 2/2
   598 | D:1      | Reached skill level 3 in Axes
   680 | D:1      | Reached XP level 3. HP: 29/29 MP: 3/3
  1311 | D:1      | 1311 ||| UPGRADING to chain mail.
  1321 | D:1      | 1321 ||| DROPPING +0 scale mail.
  1322 | D:1      | 1322 ||| READING scroll labeled ICSUGARULU.
  1323 | D:1      | 1323 ||| READING 3 scrolls labeled ILYMAN NOKUDI.
  1324 | D:1      | 1324 ||| READING scroll labeled RYALUDDYLA.
  1325 | D:1      | 1325 ||| DROPPING 2 scrolls of fog.
  1415 | D:2      | Found an opulent altar of Gozag.
  1521 | D:2      | Reached skill level 4 in Axes
  1521 | D:2      | Reached XP level 4. HP: 34/35 MP: 4/4
  1681 | D:2      | Found a burning altar of Makhleb.
  1685 | D:2      | Noticed a cacodemon
  2117 | D:2      | 2117 ||| READING 4 scrolls labeled TAEPSOKU EMEDE.
  2118 | D:2      | 2118 ||| READING scroll labeled OREGEASHIUN.
  2119 | D:2      | 2119 ||| READING 3 scrolls of identify.
  2119 | D:2      | 2119 ||| IDENTIFYING dark potion
  2120 | D:2      | 2120 ||| READING 2 scrolls of identify.
  2120 | D:2      | 2120 ||| IDENTIFYING green potion
  2121 | D:2      | 2121 ||| DROPPING potion of brilliance.
  2171 | D:3      | 2171 ||| STAIRDANCE
  2645 | D:3      | 2645 ||| DROPPING club.
  2664 | D:3      | Reached XP level 5. HP: 39/41 MP: 5/5
  2793 | D:3      | Reached skill level 5 in Axes
  2818 | D:3      | 2818 ||| STAIRDANCE
  2973 | D:2      | 2973 ||| READING scroll labeled CALAYXICADD.
  2974 | D:2      | 2974 ||| READING 2 scrolls of identify.
  2974 | D:2      | 2974 ||| IDENTIFYING pearl ring
  2975 | D:2      | 2975 ||| UPGRADING to ring of resist corrosion.
  3117 | D:3      | Noticed Robin
  3133 | D:3      | Killed Robin
  3384 | D:3      | 3384 ||| UPGRADING to shiny chain mail.
  3394 | D:3      | 3394 ||| DROPPING +0 chain mail.
  3395 | D:3      | 3395 ||| READING scroll labeled ACVEIH FAWOL.
  3396 | D:3      | 3396 ||| READING scroll labeled JOMEK NEOF.
  3419 | D:4      | Noticed an ice beast
  3427 | D:4      | Killed an ice beast
  3427 | D:4      | Reached skill level 6 in Axes
  3427 | D:4      | Reached XP level 6. HP: 46/47 MP: 6/6
  3748 | D:4      | Found a basalt altar of Yredelemnul.
  3770 | D:4      | 3770 ||| SWAPPING to glowing war axe.
  3771 | D:4      | 3771 ||| DROPPING +0 war axe.
  3853 | D:4      | Reached XP level 7. HP: 49/53 MP: 7/7
  3891 | D:4      | Found Zaoker's Magic Scroll Boutique.
  3894 | D:4      | Bought a scroll of identify for 20 gold pieces
  3894 | D:4      | Bought a scroll of enchant weapon for 75 gold pieces
  3894 | D:4      | Bought a scroll of identify for 20 gold pieces
  3894 | D:4      | 3894 ||| SHOPLISTING scroll of identify (20 gold, have 14).
  3894 | D:4      | 3894 ||| SHOPLISTING scroll of enchant weapon (75 gold, have 14).
  3894 | D:4      | 3894 ||| SHOPLISTING 3 scrolls of remove curse (90 gold, have 14).
  3894 | D:4      | 3894 ||| SHOPLISTING scroll of brand weapon (200 gold, have 14).
  3894 | D:4      | 3894 ||| SHOPLISTING scroll of remove curse (30 gold, have 14).
  3894 | D:4      | 3894 ||| READING scroll of enchant weapon.
  3894 | D:4      | 3894 ||| ENCHANTING +0 war axe of chopping.
  4214 | D:4      | 4214 ||| EATING 8 rations.
  4297 | D:4      | 4297 ||| READING 5 scrolls of identify.
  4297 | D:4      | 4297 ||| IDENTIFYING fuming dark potion
  4298 | D:4      | 4298 ||| READING 4 scrolls of identify.
  4298 | D:4      | 4298 ||| IDENTIFYING puce potion
  4338 | D:4      | 4338 ||| READING 3 scrolls of identify.
  4338 | D:4      | 4338 ||| IDENTIFYING glowing brown potion
  4339 | D:4      | 4339 ||| READING 2 scrolls of identify.
  4339 | D:4      | 4339 ||| IDENTIFYING sedimented red potion
  4340 | D:4      | 4340 ||| DROPPING potion of flight.
  4341 | D:4      | 4341 ||| DROPPING potion of magic.
  4342 | D:4      | 4342 ||| DROPPING potion of berserk rage.
  4354 | D:5      | Entered Level 5 of the Dungeon
  4495 | D:5      | Found a staircase to the Ecumenical Temple.
  4504 | Temple   | Entered the Ecumenical Temple
  4505 | Temple   | 4505 ||| Entered T.
  4519 | Temple   | Became a worshipper of Warmaster Okawaru
  4774 | D:5      | 4774 ||| SWAPPING to broad axe.
  4775 | D:5      | 4775 ||| DROPPING +1 war axe of chopping.
  4805 | D:5      | Found a deep blue altar of Sif Muna.
  5165 | D:5      | Found a hazy altar of Hepliaklqana.
  5189 | D:5      | Reached skill level 7 in Axes
  5189 | D:5      | Reached XP level 8. HP: 60/61 MP: 8/8
  5276 | D:5      | 5276 ||| EATING 9 rations.
  5404 | D:5      | 5404 ||| READING 4 scrolls labeled AJUNLOCKYNAG.
  5405 | D:5      | 5405 ||| READING 2 scrolls of identify.
  5405 | D:5      | 5405 ||| IDENTIFYING metallic dark potion
  5406 | D:5      | 5406 ||| DROPPING potion of invisibility.
  5454 | D:6      | Reached skill level 5 in Shields
  5524 | D:6      | Found a snail-covered altar of Cheibriados.
  5525 | D:6      | Found an ancient bone altar of Kikubaaqudgha.
  5525 | D:6      | Found a shattered altar of Ashenzari.
  5589 | D:6      | Reached * piety under Okawaru
  5887 | D:6      | Reached skill level 1 in Invocations
  6050 | D:6      | Reached skill level 8 in Axes
  6125 | D:6      | Noticed Duvessa
  6128 | D:6      | Noticed Dowan
  6134 | D:6      | Killed Duvessa
  6134 | D:6      | Reached skill level 5 in Fighting
  6147 | D:6      | Killed Dowan
  6290 | D:6      | 6290 ||| STAIRDANCE
  6359 | D:5      | 6359 ||| UPGRADING to plate armour.
  6369 | D:5      | 6369 ||| DROPPING +3 chain mail.
  6370 | D:5      | 6370 ||| DRINKING 3 ruby potions.
  6405 | D:5      | 6405 ||| READING 2 scrolls of identify.
  6405 | D:5      | 6405 ||| IDENTIFYING grey potion
  6406 | D:5      | 6406 ||| DROPPING 2 potions of lignification.
  6690 | D:7      | Reached XP level 9. HP: 63/68 MP: 10/12
  6720 | D:7      | 6720 ||| UPGRADING to flail.
  6721 | D:7      | 6721 ||| SWAPPING to +0 broad axe.
  6761 | D:7      | 6761 ||| INVOKING Heroism.
  6778 | D:7      | 6778 ||| INVOKING Heroism.
  6796 | D:7      | Reached ** piety under Okawaru
  6796 | D:7      | Reached skill level 9 in Axes
  6933 | D:7      | Found a transporter.
  6934 | D:7      | 6934 ||| INVOKING Heroism.
  6935 | D:7      | Noticed a kobold demonologist
  6956 | D:7      | Found a transporter.
  6957 | D:7      | 6957 ||| INVOKING Heroism.
  7168 | D:7      | Noticed a kobold demonologist
  7468 | D:7      | 7468 ||| INVOKING Heroism.
  7522 | D:7      | 7522 ||| EATING 12 rations.
  7543 | D:7      | Found a runed door.
  7547 | D:7      | 7547 ||| READING 2 scrolls of identify.
  7547 | D:7      | 7547 ||| IDENTIFYING iron ring
  7648 | D:8      | 7648 ||| INVOKING Heroism.
  8009 | D:8      | Found an ancient bone altar of Kikubaaqudgha.
  8291 | D:8      | Found a bloodstained altar of Trog.
  8428 | D:8      | 8428 ||| INVOKING Heroism.
  8443 | D:8      | Reached XP level 10. HP: 71/77 MP: 11/13
  8447 | D:8      | Reached skill level 10 in Axes
  8605 | D:9      | 8605 ||| STAIRDANCE
  8607 | D:8      | 8607 ||| INVOKING Heroism.
  8612 | D:8      | HP: 19/77 [hornet (10)]
  8614 | D:8      | Reached skill level 5 in Armour
  8617 | D:8      | HP: 10/77 [poisoned by a hornet]
  8622 | D:8      | HP: 8/77 [poisoned by a hornet]
  8629 | D:8      | HP: 6/77 [poisoned by a hornet]
  8636 | D:8      | HP: 6/77 [poisoned by a hornet]
  8644 | D:8      | HP: 6/77 [poisoned by a hornet]
  8984 | D:9      | 8984 ||| STAIRDANCE
  8989 | D:8      | 8989 ||| EATING 16 rations.
  9121 | D:9      | 9121 ||| INVOKING Heroism.
  9319 | D:9      | 9319 ||| INVOKING Heroism.
  9328 | D:9      | Reached *** piety under Okawaru
  9512 | D:9      | Found a staircase to the Orcish Mines.
  9523 | D:9      | 9523 ||| INVOKING Heroism.
  9545 | D:9      | 9545 ||| INVOKING Heroism.
  9708 | D:9      | 9708 ||| INVOKING Heroism.
  9730 | D:9      | 9730 ||| SWAPPING to battleaxe.
  9731 | D:9      | 9731 ||| DROPPING +0 broad axe.
  9757 | D:9      | Noticed NihilVerum's ghost (journeyman HaHu)
  9758 | D:9      | 9758 ||| INVOKING Heroism.
  9780 | D:9      | 9780 ||| INVOKING Heroism.
  9804 | D:9      | Killed NihilVerum's ghost
  9804 | D:9      | Reached **** piety under Okawaru
  9804 | D:9      | Reached skill level 11 in Axes
  9804 | D:9      | Reached XP level 11. HP: 49/84 MP: 14/14
 10047 | D:9      | 10047 ||| INVOKING Heroism.
 10269 | D:9      | 10269 ||| READING scroll labeled JIN DOACWU.
 10270 | D:9      | 10270 ||| READING 2 scrolls of identify.
 10270 | D:9      | 10270 ||| IDENTIFYING fuming purple potion
 10271 | D:9      | 10271 ||| DROPPING potion of ambrosia.
 10283 | D:10     | Entered Level 10 of the Dungeon
 10310 | D:10     | 10310 ||| READING 3 scrolls of enchant weapon.
 10310 | D:10     | 10310 ||| ENCHANTING +0 battleaxe.
 10311 | D:10     | 10311 ||| READING 2 scrolls of enchant weapon.
 10311 | D:10     | 10311 ||| ENCHANTING +1 battleaxe.
 10312 | D:10     | 10312 ||| READING scroll of enchant weapon.
 10312 | D:10     | 10312 ||| ENCHANTING +2 battleaxe.
 10417 | D:10     | 10417 ||| STAIRDANCE
 10500 | D:10     | Reached skill level 5 in Invocations
 10603 | D:10     | 10603 ||| EATING 15 rations.
 10615 | D:10     | 10615 ||| DROPPING +0 flail.
 10616 | D:10     | 10616 ||| UPGRADING to morningstar.
 10617 | D:10     | 10617 ||| SWAPPING to +3 battleaxe.
 10650 | D:10     | Noticed a two-headed ogre
 10651 | D:10     | 10651 ||| INVOKING Heroism.
 10662 | D:10     | Killed a two-headed ogre
 10790 | D:10     | 10790 ||| UPGRADING to dire flail.
 10791 | D:10     | 10791 ||| SWAPPING to +3 battleaxe.
 10792 | D:10     | 10792 ||| DROPPING +0 morningstar.
 11240 | D:10     | 11240 ||| READING scroll labeled ULLAECESIL.
 11314 | D:11     | Found Wyodi's Food Shoppe.
 11318 | D:11     | Noticed a two-headed ogre
 11320 | D:11     | 11320 ||| INVOKING Heroism.
 11331 | D:11     | Killed a two-headed ogre
 11459 | D:11     | Noticed dcssbrim's ghost (novice MiBe)
 11464 | D:11     | 11464 ||| INVOKING Heroism.
 11476 | D:11     | Killed dcssbrim's ghost
 11550 | D:11     | 11550 ||| INVOKING Heroism.
 11733 | D:11     | 11733 ||| INVOKING Heroism.
 11737 | D:11     | 11737 ||| STAIRDANCE
 11937 | D:10     | 11937 ||| EATING 15 rations.
 11938 | D:10     | 11938 ||| UPGRADING to large copper amulet.
 11939 | D:10     | 11939 ||| READING scroll labeled YZXINO UHOMIDUST.
 11951 | D:11     | Found a bloodstained altar of Trog.
 12154 | D:11     | Reached ***** piety under Okawaru
 12176 | D:11     | Noticed a death yak
 12177 | D:11     | 12177 ||| INVOKING Heroism.
 12178 | D:11     | 12178 ||| INVOKING Finesse.
 12184 | D:11     | Killed a death yak
 12184 | D:11     | Reached skill level 12 in Axes
 12187 | D:11     | Found a staircase to the Lair.
 12187 | D:11     | Noticed a death yak
 12217 | D:11     | Killed a death yak
 12217 | D:11     | Reached XP level 12. HP: 62/94 MP: 8/18
 12283 | D:11     | 12283 ||| STAIRDANCE
 12416 | Lair:1   | Entered Level 1 of the Lair of Beasts
 12417 | Lair:1   | 12417 ||| Entered L.
 12441 | Lair:1   | 12441 ||| INVOKING Heroism.
 12695 | Lair:1   | Received a gift from Okawaru
 12879 | Lair:1   | 12879 ||| INVOKING Heroism.
 12880 | Lair:1   | Reached skill level 10 in Invocations
 13267 | Lair:1   | Noticed a five-headed hydra
 13268 | Lair:1   | 13268 ||| INVOKING Heroism.
 13269 | Lair:1   | 13269 ||| INVOKING Finesse.
 13272 | Lair:1   | 13272 ||| SWAPPING to +0 dire flail.
 13278 | Lair:1   | Killed a five-headed hydra
 13279 | Lair:1   | 13279 ||| SWAPPING to +3 battleaxe.
 13678 | Lair:1   | 13678 ||| INVOKING Heroism.
 13682 | Lair:1   | Received a gift from Okawaru
 14018 | Lair:1   | 14018 ||| DRINKING 2 coppery potions.
 14019 | Lair:1   | 14019 ||| DROPPING potion of degeneration.
 14134 | Lair:2   | 14134 ||| STAIRDANCE
 14229 | Lair:1   | 14229 ||| EATING 18 rations.
 14319 | Lair:2   | 14319 ||| READING scroll of enchant armour.
 14319 | Lair:2   | 14319 ||| ENCHANTING +0 plate armour.
 14461 | Lair:2   | Noticed KleinerIrrer's ghost (journeyman NaFi)
 14462 | Lair:2   | 14462 ||| INVOKING Heroism.
 14463 | Lair:2   | 14463 ||| INVOKING Finesse.
 14480 | Lair:2   | Killed KleinerIrrer's ghost
 14860 | Lair:2   | 14860 ||| UPGRADING to moonstone ring.
 15077 | Lair:3   | Noticed Harold
 15090 | Lair:3   | 15090 ||| INVOKING Heroism.
 15093 | Lair:3   | Killed Harold
 15093 | Lair:3   | Reached skill level 13 in Axes
 15184 | Lair:3   | 15184 ||| INVOKING Heroism.
 15287 | Lair:3   | 15287 ||| STAIRDANCE
 15367 | Lair:2   | 15367 ||| EATING 20 rations.
 15373 | Lair:3   | 15373 ||| STAIRDANCE
 15704 | Lair:3   | 15704 ||| STAIRDANCE
 15889 | Lair:2   | 15889 ||| UPGRADING to knobbly granite ring.
 15891 | Lair:2   | 15891 ||| READING scroll labeled ROESHE SUTIUKK.
 16175 | Lair:3   | Reached skill level 10 in Fighting
 16341 | Lair:3   | 16341 ||| EATING 22 rations.
 16380 | Lair:3   | Received a gift from Okawaru
 16380 | Lair:3   | Reached XP level 13. HP: 95/103 MP: 18/20
 16593 | Lair:3   | Found a staircase to the Shoals.
 16661 | Lair:3   | 16661 ||| UPGRADING to pair of embroidered gloves {god gift}.
 16687 | Lair:4   | 16687 ||| STAIRDANCE
 16768 | Lair:4   | 16768 ||| STAIRDANCE
 16772 | Lair:3   | 16772 ||| Stepping ~*~*~tactically~*~*~ (water).
 16799 | Lair:4   | 16799 ||| STAIRDANCE
 16808 | Lair:4   | 16808 ||| INVOKING Heroism.
 17199 | Lair:4   | Noticed an eight-headed hydra
 17201 | Lair:4   | 17201 ||| INVOKING Heroism.
 17202 | Lair:4   | 17202 ||| INVOKING Finesse.
 17210 | Lair:4   | 17210 ||| SWAPPING to +0 dire flail.
 17211 | Lair:4   | 17211 ||| SWAPPING to +3 battleaxe.
 17212 | Lair:4   | 17212 ||| SWAPPING to +0 dire flail.
 17220 | Lair:4   | Killed an eight-headed hydra
 17221 | Lair:4   | 17221 ||| SWAPPING to +3 battleaxe.
 17223 | Lair:4   | Reached skill level 14 in Axes
 17431 | Lair:4   | Noticed a five-headed hydra
 17438 | Lair:4   | 17438 ||| INVOKING Heroism.
 17439 | Lair:4   | 17439 ||| INVOKING Finesse.
 17443 | Lair:4   | 17443 ||| SWAPPING to +0 dire flail.
 17447 | Lair:4   | Killed a five-headed hydra
 17448 | Lair:4   | 17448 ||| SWAPPING to +3 battleaxe.
 17573 | Lair:4   | 17573 ||| INVOKING Heroism.
 17623 | Lair:4   | 17623 ||| STAIRDANCE
 17804 | Lair:4   | Found a staircase to the Snake Pit.
 17898 | Lair:4   | Found a runed door.
 18155 | Lair:4   | 18155 ||| INVOKING Heroism.
 18156 | Lair:4   | 18156 ||| INVOKING Finesse.
 18436 | Lair:5   | Reached skill level 15 in Axes
 18551 | Lair:5   | Received a gift from Okawaru
 18633 | Lair:5   | Got a warped plate armour {god gift}
 18697 | Lair:5   | Identified the +6 plate armour "Biocet" {MR+} (Okawaru gifted it to you on level 5 of the Lair of Beasts)
 19641 | Lair:4   | Reached XP level 14. HP: 107/111 MP: 19/21
 19702 | Lair:4   | Noticed a dire elephant
 19723 | Lair:4   | Killed a dire elephant
 19754 | Lair:4   | Got a faintly glowing ring mail
 19765 | Lair:4   | Identified the +3 ring mail "Woyquse" {rF- MR+ Int+2 Slay+2} (You found it on level 4 of the Lair of Beasts)
 20590 | Lair:5   | You fall through a shaft!
 20590 | Lair:6   | Entered Level 6 of the Lair of Beasts
 20799 | Lair:6   | Found a staircase to the Slime Pits.
 20823 | Lair:6   | Found a viscous altar of Jiyva.
 20918 | Lair:6   | Received a gift from Okawaru
 21094 | Lair:6   | Got a pitted chain mail
 21105 | Lair:6   | Identified the +1 chain mail of the Eight Coins {rElec rF++} (You found it on level 6 of the Lair of Beasts)
 21415 | Lair:6   | Reached skill level 10 in Shields
 21751 | Lair:6   | Reached skill level 10 in Armour
 21942 | Lair:6   | Received a gift from Okawaru
 22356 | Lair:6   | Reached XP level 15. HP: 123/123 MP: 22/22
 23460 | Orc:1    | Entered Level 1 of the Orcish Mines
 23700 | Orc:2    | Entered Level 2 of the Orcish Mines
 23700 | Orc:2    | Found a staircase to the Elven Halls.
 24215 | Orc:2    | Found a roughly hewn altar of Beogh.
 25095 | Orc:2    | Gained mutation: You are dopey. (Int -2) [a neqoxec]
 25202 | Orc:2    | Found Orchae's Magic Scroll Shoppe.
 25212 | Orc:2    | Found Ycaotiar's General Store.
 26027 | Orc:2    | Reached skill level 16 in Axes
 26340 | Orc:2    | Received a gift from Okawaru
 26346 | Orc:2    | Found Fyuskues's Gadget Boutique.
 26346 | Orc:2    | Found Bugoivvu's Antique Weapon Shop.
 26346 | Orc:2    | Found a one-way gate leading to the halls of Pandemonium.
 26384 | Orc:2    | Bought a scroll of acquirement for 832 gold pieces
 26384 | Orc:2    | Bought a scroll of acquirement for 832 gold pieces
 26559 | D:12     | Found Ipaluwn's Gadget Emporium.
 28154 | Elf:1    | Entered Level 1 of the Elven Halls
 28163 | Elf:1    | Reached XP level 16. HP: 130/130 MP: 23/23
 28688 | Elf:1    | Reached skill level 17 in Axes
 30046 | Elf:2    | Reached ****** piety under Okawaru
 30368 | Elf:2    | Received a gift from Okawaru
 30413 | Elf:2    | Got a warped spear {god gift}
 30414 | Elf:2    | Identified the +3 spear "Leaff" {elec, rElec rPois rF+ Str+4} (Okawaru gifted it to you on level 2 of the Elven Halls)
 30805 | Elf:2    | Reached skill level 18 in Axes
 31001 | Elf:2    | Found a flickering gateway to a bazaar.
 31117 | Bazaar   | Entered a bazaar
 31473 | Bazaar   | Found Lekiq's Gadget Shoppe.
 31473 | Bazaar   | Found Aninov's Distillery.
 31506 | Bazaar   | Found Zuhih Dik's Food Emporium.
 31506 | Bazaar   | Found Girour's Gadget Emporium.
 31555 | Bazaar   | Bought a potion of resistance for 120 gold pieces
 31555 | Bazaar   | Bought 3 potions of heal wounds for 180 gold pieces
 31555 | Bazaar   | Bought 2 potions of heal wounds for 120 gold pieces
 31555 | Bazaar   | Bought 2 potions of mutation for 192 gold pieces
 31879 | Elf:2    | Received a gift from Okawaru
 31953 | Elf:2    | Found a huge runed gate.
 31953 | Elf:2    | Found a huge runed gate.
 31953 | Elf:2    | Found a huge runed gate.
 31956 | Elf:2    | Found a huge runed gate.
 31963 | Elf:2    | Found a huge runed gate.
 32172 | Elf:2    | Reached XP level 17. HP: 134/136 MP: 22/24
 32224 | Elf:2    | Reached skill level 19 in Axes
 33409 | Elf:2    | Upgraded the game from 0.22-a0-355-g201945fe43 to 0.22-a0-359-g5e80d7e212
 34057 | D:4      | Bought a scroll of magic mapping for 35 gold pieces
 34613 | D:14     | Reached skill level 20 in Axes
 34749 | D:14     | Found a gate to the Vaults.
 34974 | D:14     | Found a white marble altar of Elyvilon.
 35258 | D:4      | Bought a scroll of enchant weapon for 75 gold pieces
 35557 | D:14     | Received a gift from Okawaru
 35558 | D:14     | Got a warped battleaxe {god gift}
 35559 | D:14     | Identified the +6 battleaxe of Okawaru's Reproof {speed, rC++ MR+ Str+3} (Okawaru gifted it to you on level 14 of the Dungeon)
 35864 | D:15     | Entered Level 15 of the Dungeon
 35927 | D:15     | Found a frozen archway.
 35945 | IceCv    | Entered an ice cave
 36921 | D:15     | Reached skill level 5 in Dodging
 36946 | D:15     | Reached XP level 18. HP: 116/143 MP: 20/25
 37163 | D:15     | Noticed Urug
 37205 | D:15     | Killed Urug
 37205 | D:15     | Received a gift from Okawaru
 37702 | D:15     | Found a blossoming altar of Fedhas.
 37728 | D:15     | Got a smelly plate armour
 37744 | D:14     | Identified the +8 plate armour "Xeleupp" {*Drain MP+9 Str-2 Int+7} (You found it on level 15 of the Dungeon)
 37790 | D:15     | Found a staircase to the Depths.
 37929 | Depths:1 | Entered Level 1 of the Depths
 38147 | Depths:1 | Found Kurar's One-of-a-Kind Books.
 38876 | Depths:1 | Found a gateway to Hell.
 39089 | Depths:1 | Found a snail-covered altar of Cheibriados.
 39093 | Depths:1 | Found a portal to a secret trove of treasure.
 39652 | Depths:1 | Found Lumoper's Jewellery Emporium.
 39652 | Depths:1 | Found Oxyoral's Gadget Shop.
 39653 | Depths:1 | Found Neniek's Jewellery Emporium.
 39881 | Depths:1 | Noticed a lich
 39893 | Depths:1 | Killed a lich
 40018 | Depths:1 | Noticed Mara
 40032 | Depths:1 | Noticed KleinerIrrer's illusion
 40045 | Depths:1 | Killed Mara
 40045 | Depths:1 | Received a gift from Okawaru
 40045 | Depths:1 | Reached XP level 19. HP: 106/150 MP: 21/26
 40235 | Depths:2 | Found Inwel's Antique Weapon Emporium.
 40303 | Depths:2 | Found Vowuc's General Store.
 40303 | Depths:2 | Found Morchiu's Food Shoppe.
 40308 | Depths:2 | Found Vuatsee's Antique Armour Shoppe.
 40355 | Depths:2 | Bought a pair of faintly humming boots for 285 gold pieces
 40355 | Depths:2 | Bought a large shield for 135 gold pieces
 40366 | Depths:2 | Identified the +2 pair of boots "Qeraw" {rElec rC- Dex+6} (You bought it in a shop on level 2 of the Depths)
 40397 | Depths:2 | Reached skill level 15 in Shields
 40692 | Depths:2 | Received a gift from Okawaru
 40702 | Depths:2 | Got a scorched lajatang {god gift}
 40703 | Depths:2 | Identified the +1 lajatang of Reamack {flame, rF+ Str+4 Dex+6} (Okawaru gifted it to you on level 2 of the Depths)
 40980 | Depths:2 | Noticed a golden dragon
 41012 | Depths:2 | Killed a golden dragon
 41119 | Depths:2 | Noticed a juggernaut
 41230 | Depths:2 | Killed a juggernaut
 41540 | Depths:2 | Received a gift from Okawaru
 41541 | Depths:2 | Got a pitted broad axe {god gift}
 41542 | Depths:2 | Identified the +8 broad axe of Duty {pain, rPois MR- Int+4} (Okawaru gifted it to you on level 2 of the Depths)
 41607 | Depths:2 | Got a jewelled hand axe
 41613 | Depths:2 | Identified the +8 hand axe of Zin's Anger {speed, rElec MR- Dex+3} (You found it on level 2 of the Depths)
 41711 | Depths:2 | Reached skill level 15 in Armour
 41746 | Depths:2 | Noticed Saint Roka
 41778 | Depths:2 | Killed Saint Roka
 41778 | Depths:2 | Reached XP level 20. HP: 124/160 MP: 21/27
 42569 | Depths:3 | Found Qovina's Armour Shop.
 42614 | Depths:3 | Received a gift from Okawaru
 42649 | Depths:3 | Found Tyl Lau's Antique Weapon Shop.
 42743 | Depths:3 | Reached skill level 15 in Fighting
 42808 | Depths:3 | Reached skill level 10 in Dodging
 42849 | Depths:3 | Found a hide-covered altar of Uskayaw.
 42890 | Depths:3 | Found a gateway to a ziggurat.
 42892 | Depths:3 | Noticed Rupert
 42903 | Depths:3 | Noticed Frederick
 42915 | Depths:3 | Received a gift from Okawaru
 42918 | Depths:3 | Killed Rupert
 42922 | Depths:3 | Noticed Asterion
 42970 | Depths:3 | Killed Frederick
 43255 | Depths:3 | Killed Asterion
 43545 | Depths:3 | Found a one-way gate to the infinite horrors of the Abyss.
 44118 | Depths:3 | Reached XP level 21. HP: 120/169 MP: 20/28
 44696 | Depths:4 | Found a bloodstained altar of Trog.
 44699 | Depths:4 | Received a gift from Okawaru
 44725 | Depths:4 | Got a pair of spiked gloves {god gift}
 44736 | Depths:4 | Identified the +0 pair of gloves of Follow the Leader {rN+ MR++} (Okawaru gifted it to you on level 4 of the Depths)
 45925 | Depths:4 | Got a clouded marble ring
 45929 | Depths:4 | Identified the ring "Erecahie" {Wiz rC+ Dex+2} (You found it on level 4 of the Depths)
 45947 | Depths:4 | Noticed the Enchantress
 45981 | Depths:4 | Killed the Enchantress
 45983 | Depths:4 | Got faerie dragon scales
 45984 | Depths:4 | Identified the +1 faerie dragon scales {rC+ rCorr Str+4 Int+4} (You took it off the Enchantress on level 4 of the Depths)
 46859 | Depths:5 | Entered Level 5 of the Depths
 46864 | Depths:5 | Noticed a caustic shrike
 46865 | Depths:5 | Noticed a caustic shrike
 46866 | Depths:5 | Noticed a caustic shrike
 46867 | Depths:5 | Noticed a caustic shrike
 46868 | Depths:5 | Noticed a caustic shrike
 46892 | Depths:5 | Killed a caustic shrike
 46906 | Depths:5 | Killed a caustic shrike
 46906 | Depths:5 | Received a gift from Okawaru
 46912 | Depths:5 | Killed a caustic shrike
 46912 | Depths:5 | Reached XP level 22. HP: 128/180 MP: 20/29
 46952 | Depths:4 | Killed a caustic shrike
 47237 | Depths:5 | Killed a caustic shrike
 47671 | Depths:5 | Received a gift from Okawaru
 47672 | Depths:5 | Got a pair of scorched gloves {god gift}
 47683 | Depths:5 | Identified the +0 pair of gloves "Piewku Cuoca" {+Inv Regen+ Int-2 Dex-3} (Okawaru gifted it to you on level 5 of the Depths)
 47979 | Depths:1 | Bought the ring of the Trout {rF+ rC+ rN+ Str-4} for 456 gold pieces
 48129 | Depths:5 | Found a gate to the Realm of Zot.
 48214 | Depths:5 | Got a jewelled demon trident {pain}
 49406 | Lair:1   | Identified the cursed +2 demon trident of Honesty {pain, +Rage rElec Str+2} (You took it off a vampire mage on level 5 of the Depths)
 49507 | Shoals:1 | Entered Level 1 of the Shoals
 49854 | Shoals:1 | Noticed Aizul
 49876 | Shoals:1 | Killed Aizul
 50272 | Shoals:2 | Reached XP level 23. HP: 188/188 MP: 30/30
 50477 | Shoals:2 | Noticed Frances
 50500 | Shoals:2 | Killed Frances
 50500 | Shoals:2 | Received a gift from Okawaru
 51278 | Shoals:3 | Noticed Kirke
 51317 | Shoals:3 | Killed Kirke
 52092 | Shoals:4 | Entered Level 4 of the Shoals
 52233 | Shoals:4 | Noticed Ilsuiw
 52263 | Shoals:4 | Killed Ilsuiw
 52822 | Shoals:4 | Got a barnacled rune of Zot
 52894 | Shoals:4 | Found Umonih's Armour Shop.
 52954 | Shoals:4 | Found Unoul's Antique Armour Emporium.
 53244 | Shoals:4 | Found Paemeaba's Antique Weapon Boutique.
 53249 | Shoals:4 | Found Doeteokh's Armour Emporium.
 53310 | Shoals:4 | Found Zirobb's Food Boutique.
 53937 | Vaults:1 | Entered Level 1 of the Vaults
 54206 | Vaults:1 | Received a gift from Okawaru
 54665 | Vaults:1 | Reached XP level 24. HP: 199/199 MP: 30/30
 55644 | Vaults:1 | Got a warped glass ring
 55646 | Vaults:1 | Identified the ring "Qusucin" {rPois Dex+2} (You found it on level 1 of the Vaults)
 56337 | Vaults:2 | Found a flickering gateway to a bazaar.
 56347 | Bazaar   | Entered a bazaar
 56347 | Bazaar   | Found Nyqiukk's General Store.
 56347 | Bazaar   | Found Bohi's Weapon Boutique.
 56347 | Bazaar   | Found Komudicil's Antique Weapon Boutique.
 56347 | Bazaar   | Found Xoocikh's Antique Weapon Boutique.
 56347 | Bazaar   | Found Afoteetu's Weapon Shop.
 56495 | Vaults:2 | Received a gift from Okawaru
 56678 | Vaults:2 | Reached skill level 21 in Axes
 56928 | Vaults:2 | Reached XP level 25. HP: 189/206 MP: 14/30
 57353 | Vaults:2 | Got a wavering tin ring
 57354 | Vaults:2 | Identified the ring "Titrinua" {rCorr +Blink rN++ Int-2 Dex+8} (You found it on level 2 of the Vaults)
 57923 | Vaults:3 | Noticed Bai Suzhen
 57955 | Vaults:3 | Killed Bai Suzhen
 58027 | Vaults:3 | Noticed Jory
 58051 | Vaults:3 | Killed Jory
 58051 | Vaults:3 | Received a gift from Okawaru
 58181 | Vaults:3 | Found a magical portal.
 58184 | WizLab   | Entered Zonguldrok's Shrine
 58390 | WizLab   | Noticed an antique lich
 58401 | WizLab   | Killed an antique lich
 58413 | WizLab   | Found the +9 sword of Zonguldrok {reap}
 59049 | Vaults:3 | Got a faintly humming buckler
 59060 | Vaults:3 | Identified the +0 buckler of Duema {rPois rN++ Int-5} (You found it on level 3 of the Vaults)
 59434 | Vaults:3 | Noticed Donald
 59549 | Vaults:3 | Killed Donald
 59871 | Vaults:3 | Found a staircase to the Crypt.
 60464 | Vaults:4 | Reached skill level 22 in Axes
 60487 | Vaults:4 | Found Fezoe's Food Shop.
 60589 | Vaults:4 | Received a gift from Okawaru
 60589 | Vaults:4 | Reached XP level 26. HP: 204/216 MP: 29/30
 60616 | Vaults:4 | Got a bloodstained battleaxe {god gift}
 60617 | Vaults:4 | Identified the +4 battleaxe "Beastbane" {holy, rC+} (Okawaru gifted it to you on level 4 of the Vaults)
 60649 | Vaults:4 | Found Iclyp's Armour Shoppe.
 60682 | Vaults:4 | Found Japikeg's Jewellery Shoppe.
 60721 | Vaults:4 | Found Etein's Food Shop.
 60804 | Vaults:4 | Found Nuraxtev's Armour Shoppe.
 60837 | Vaults:4 | Reached skill level 15 in Dodging
 60907 | Vaults:4 | Noticed Mennas
 60960 | Vaults:4 | Killed Mennas
 61185 | Vaults:4 | Received a gift from Okawaru
 61667 | Vaults:4 | Noticed Jorgrun
 61679 | Vaults:4 | Killed Jorgrun
 61708 | Vaults:4 | Got a scorched mace
 61709 | Vaults:4 | Identified the +4 mace "Wius" {drain, rN+} (You found it on level 4 of the Vaults)
 61993 | Vaults:4 | Noticed Xtahua
 62011 | Vaults:4 | Killed Xtahua
 62100 | Vaults:4 | Noticed Margery
 62135 | Vaults:4 | Killed Margery
 62333 | Vaults:4 | Bought a +2 crystal plate armour for 1840 gold pieces
 62736 | Orc:2    | Bought a scroll of enchant armour for 120 gold pieces
 62972 | Snake:1  | Entered Level 1 of the Snake Pit
 63023 | Snake:1  | Found Wiutius's Distillery.
 63047 | Snake:1  | Bought a potion of heal wounds for 55 gold pieces
 63047 | Snake:1  | Bought a potion of heal wounds for 55 gold pieces
 63124 | Snake:1  | Noticed Louise
 63147 | Snake:1  | Killed Louise
 63552 | Snake:2  | Received a gift from Okawaru
 64044 | Snake:2  | Reached XP level 27. HP: 203/224 MP: 30/30
 65314 | Snake:4  | Entered Level 4 of the Snake Pit
 65534 | Snake:4  | Received a gift from Okawaru
 66217 | Snake:4  | Found the +7 Kryia's mail coat {PotionHeal*2 rC+}
 66556 | Snake:4  | Received a gift from Okawaru
 66722 | Snake:4  | Got a serpentine rune of Zot
 67272 | Elf:3    | Entered Level 3 of the Elven Halls
 67489 | Elf:3    | Found Hopuod's Assorted Antiques.
 68253 | Elf:3    | Got a smoking dire flail {vamp}
 68254 | Elf:3    | Identified the +3 dire flail of the Extremes {vamp, Str+5} (You took it off a deep elf sorcerer on level 3 of the Elven Halls)
 68395 | Elf:3    | Got a crude trident {pain}
 68396 | Elf:3    | Identified the cursed +2 trident of False Accusations {pain, rPois rN+ MR- Int+2} (You took it off a deep elf elementalist on level 3 of the Elven Halls)
 68481 | Elf:3    | Got an ancient bronze ring
 68494 | Elf:3    | Identified the ring "Fec Xiwk" {AC+2 Stlth+} (You took it off a deep elf elementalist on level 3 of the Elven Halls)
 68497 | Elf:3    | Got a sparkling golden ring
 68498 | Elf:3    | Identified the ring of the Serpent {rElec rC+ MR+ Int+6} (You took it off a deep elf elementalist on level 3 of the Elven Halls)
 68528 | Elf:3    | Found the +1 cloak of Starlight {rElec rC+ EV+4 Stlth--}
 68610 | Elf:3    | Identified Sif Muna's Catalogue of Spatial Stones
 68612 | Elf:3    | Identified the Collected Works on Toxins and Moulding
 68661 | Elf:3    | Got a fine plate armour
 68672 | Elf:3    | Identified the cursed +1 plate armour of Nemelex Xobeh {rF+ Str-4 Int+3} (You found it on level 3 of the Elven Halls)
 68739 | Elf:3    | Identified Plog's Disquisition on the Mountains
 68742 | Elf:3    | Identified The Foundations of Sorcery
 69683 | Hell     | Entered the Vestibule of Hell
 69683 | Hell     | Noticed Geryon
 70464 | Vaults:5 | Entered Level 5 of the Vaults
 70470 | Vaults:5 | Noticed an ancient lich
 70478 | Vaults:5 | Received a gift from Okawaru
 70498 | Vaults:5 | Killed an ancient lich
 70722 | Vaults:4 | Received a gift from Okawaru
 70829 | Vaults:5 | Got an uncursed slimy dagger {drain}
 71091 | Vaults:5 | Got an ichor-stained morningstar
 71092 | Vaults:5 | Identified the +4 morningstar of Jaim {pain, rPois rF+ MR+} (You found it on level 5 of the Vaults)
 71094 | Vaults:5 | Identified the +7 dagger of Fortitude {drain, rN+ Str+4} (You took it off a yaktaur on level 5 of the Vaults)
 71221 | Vaults:5 | Found the +6 shillelagh "Devastator" {shatter}
 71222 | Vaults:5 | Identified Sif Muna's Volume of Fire and Clay
 71335 | Vaults:5 | Gained mutation: You are clumsy. (Dex -2) [a neqoxec]
 71387 | Vaults:5 | Received a gift from Okawaru
 71394 | Vaults:5 | Learned a level 5 spell: Aura of Abjuration
 71458 | Vaults:5 | Got a silver rune of Zot
 72213 | Zot:1    | Entered Level 1 of the Realm of Zot
 72260 | Zot:1    | Received a gift from Okawaru
 72282 | Zot:1    | Identified a +0 pair of boots of running (Okawaru gifted it to you on level 1 of the Realm of Zot)
 74137 | Zot:2    | Got a transparent diamond amulet
 74287 | Zot:2    | Received a gift from Okawaru
 75559 | Zot:3    | Received a gift from Okawaru
 75884 | Zot:3    | Noticed an orb of fire
 75887 | Zot:3    | Gained mutation: Armour fits poorly on your strangely shaped body. [an orb of fire]
 75893 | Zot:3    | Gained mutation: Scrolls take you a little longer to read. [an orb of fire]
 75900 | Zot:3    | Gained mutation: Scrolls take you longer to read. [an orb of fire]
 75906 | Zot:3    | Gained mutation: Scrolls take you much longer to read. [an orb of fire]
 75909 | Zot:3    | Killed an orb of fire
 75909 | Zot:3    | Received a gift from Okawaru
 75910 | Zot:3    | Got a pair of transparent boots {god gift}
 75977 | Zot:2    | Identified the +1 pair of boots of Qeublaumil {-Cast rF++ Regen+ Int+4} (Okawaru gifted it to you on level 3 of the Realm of Zot)
 76822 | Zot:4    | Identified the amulet "Orocext" {Acrobat rN+ Int+5 Dex-5} (You found it on level 2 of the Realm of Zot)
 77128 | Zot:5    | Entered Level 5 of the Realm of Zot
 77396 | Zot:5    | Received a gift from Okawaru
 77704 | Zot:5    | Noticed an ancient lich
 77733 | Zot:5    | Killed an ancient lich
 77957 | Zot:5    | Noticed an orb of fire
 77968 | Zot:5    | Gained mutation: Your spells are a little harder to cast, but a little more powerful. [an orb of fire]
 77984 | Zot:5    | Gained mutation: Your magical capacity is low. (-10% MP) [an orb of fire]
 78002 | Zot:5    | Killed an orb of fire
 78134 | Zot:5    | Noticed an orb of fire
 78152 | Zot:5    | Noticed an orb of fire
 78175 | Zot:5    | Killed an orb of fire
 78198 | Zot:5    | Killed an orb of fire
 78258 | Zot:5    | Received a gift from Okawaru
 78261 | Zot:5    | Noticed an orb of fire
 78262 | Zot:5    | Noticed an orb of fire
 78269 | Zot:5    | Gained mutation: Potions are less effective at restoring your health. [an orb of fire]
 78287 | Zot:5    | Gained mutation: You are frail. (-10% HP) [an orb of fire]
 78312 | Zot:5    | Gained mutation: You occasionally shout uncontrollably at your foes. [an orb of fire]
 78313 | Zot:5    | Killed an orb of fire
 78337 | Zot:5    | Killed an orb of fire
 78492 | Zot:5    | Noticed an ancient lich
 78507 | Zot:5    | Killed an ancient lich
 78516 | Zot:5    | Noticed an orb of fire
 78524 | Zot:5    | Gained mutation: Your magical capacity is very low. (-20% MP) [an orb of fire]
 78551 | Zot:5    | Killed an orb of fire
 78604 | Zot:5    | Noticed an orb of fire
 78608 | Zot:5    | Gained mutation: You do not regenerate when monsters are visible. [an orb of fire]
 78613 | Zot:5    | Gained mutation: You are very frail. (-20% HP) [an orb of fire]
 78628 | Zot:5    | Gained mutation: Your body sometimes deteriorates upon taking damage. [an orb of fire]
 78645 | Zot:5    | Killed an orb of fire
 78728 | Zot:5    | Noticed an orb of fire
 78732 | Zot:5    | Gained mutation: You are extremely frail. (-30% HP) [an orb of fire]
 78751 | Zot:5    | Gained mutation: You are very clumsy. (Dex -4) [an orb of fire]
 78770 | Zot:5    | Killed an orb of fire
 78817 | Zot:5    | Lost mutation: Your body sometimes deteriorates upon taking damage. [potion of mutation]
 78817 | Zot:5    | Lost mutation: You are extremely frail. (-30% HP) [potion of mutation]
 78817 | Zot:5    | Lost mutation: You are very clumsy. (Dex -4) [potion of mutation]
 78817 | Zot:5    | Lost mutation: You do not regenerate when monsters are visible. [potion of mutation]
 78817 | Zot:5    | Lost mutation: You are clumsy. (Dex -2) [potion of mutation]
 78818 | Zot:5    | Lost mutation: You are very frail. (-20% HP) [potion of mutation]
 78818 | Zot:5    | Lost mutation: Your spells are a little harder to cast, but a little more powerful. [potion of mutation]
 78818 | Zot:5    | Lost mutation: You are dopey. (Int -2) [potion of mutation]
 78818 | Zot:5    | Lost mutation: Your magical capacity is very low. (-20% MP) [potion of mutation]
 78818 | Zot:5    | Gained mutation: Your spells are a little harder to cast, but a little more powerful. [potion of mutation]
 78819 | Zot:5    | Lost mutation: Your spells are a little harder to cast, but a little more powerful. [potion of mutation]
 78819 | Zot:5    | Lost mutation: You occasionally shout uncontrollably at your foes. [potion of mutation]
 78819 | Zot:5    | Lost mutation: You are frail. (-10% HP) [potion of mutation]
 78819 | Zot:5    | Gained mutation: Your spells are a little easier to cast, but a little less powerful. [potion of mutation]
 78819 | Zot:5    | Lost mutation: Your magical capacity is low. (-10% MP) [potion of mutation]
 78819 | Zot:5    | Gained mutation: You are covered in fur. (AC +1) [potion of mutation]
 78820 | Zot:5    | Lost mutation: Your spells are a little easier to cast, but a little less powerful. [potion of mutation]
 78820 | Zot:5    | Lost mutation: Armour fits poorly on your strangely shaped body. [potion of mutation]
 78820 | Zot:5    | Lost mutation: Scrolls take you much longer to read. [potion of mutation]
 78820 | Zot:5    | Gained mutation: Your natural rate of healing is unusually fast. [potion of mutation]
 78820 | Zot:5    | Gained mutation: You are partially covered in iridescent scales. (AC +2) [potion of mutation]
 78821 | Zot:5    | Lost mutation: Scrolls take you longer to read. [potion of mutation]
 78821 | Zot:5    | Lost mutation: Potions are less effective at restoring your health. [potion of mutation]
 78821 | Zot:5    | Lost mutation: Scrolls take you a little longer to read. [potion of mutation]
 78821 | Zot:5    | Gained mutation: You are dopey. (Int -2) [potion of mutation]
 78821 | Zot:5    | Lost mutation: You are partially covered in iridescent scales. (AC +2) [potion of mutation]
 78821 | Zot:5    | Gained mutation: You possess an exceptional clarity of mind. [potion of mutation]
 78821 | Zot:5    | Gained mutation: You have sharp toenails. [potion of mutation]
 78986 | Zot:5    | Noticed an ancient lich
 79003 | Zot:5    | Killed an ancient lich
 79003 | Zot:5    | Received a gift from Okawaru
 79004 | Zot:5    | Got a scorched chain mail {god gift}
 79045 | Zot:5    | Got a transparent granite ring
 79047 | Zot:5    | Identified the ring of Favue {rPois rF- rC+++ rN+ Dex-4} (You acquired it on level 5 of the Realm of Zot)
 79460 | Lair:1   | Got a bound lead amulet
 79462 | Lair:1   | Identified the amulet "Amecs" {Faith +Blink rC- MR+++ Dex-4} (You acquired it on level 1 of the Lair of Beasts)
 79629 | Temple   | Fell from the grace of Okawaru
 79629 | Temple   | Became a worshipper of the Shining One
 79989 | Crypt:1  | Entered Level 1 of the Crypt
 80021 | Crypt:1  | Reached skill level 23 in Axes
 80134 | Crypt:1  | Reached * piety under the Shining One
 80483 | Crypt:1  | Reached ** piety under the Shining One
 80809 | Crypt:1  | Reached *** piety under the Shining One
 81257 | Crypt:2  | Reached **** piety under the Shining One
 81480 | Crypt:2  | Reached ***** piety under the Shining One
 82150 | Crypt:3  | Entered Level 3 of the Crypt
 82364 | Crypt:3  | Reached ****** piety under the Shining One
 82634 | Crypt:3  | Reached skill level 24 in Axes
 82694 | Crypt:3  | Found an ancient bone altar of Kikubaaqudgha.
 82836 | Crypt:3  | Noticed an ancient lich
 82838 | Crypt:3  | Found the +6 Majin-Bo {vamp, Archmagi MP+6 Int+6}
 82850 | Crypt:3  | Killed an ancient lich
 82874 | Crypt:3  | Identified Kefamoul's Incunabulum of Flying Execration
 83259 | Crypt:3  | Found a staircase to the Tomb.
 83324 | Crypt:3  | Identified a +5 executioner's axe of holy wrath (a +3 vampiric executioner's axe blessed by the Shining One)
 83324 | Crypt:3  | Received a gift from the Shining One
 84150 | Hell     | Killed Geryon
 84223 | Hell     | Found a gateway to the Iron City of Dis.
 84337 | Hell     | Found a gateway to the ashen valley of Gehenna.
 84404 | Hell     | Noticed an ancient lich
 84410 | Hell     | Found a gateway to the decaying netherworld of Tartarus.
 84418 | Hell     | Killed an ancient lich
 84498 | Hell     | Found a gateway to the freezing wastes of Cocytus.
 84619 | Coc:1    | Entered Level 1 of Cocytus
 84738 | Coc:2    | Reached skill level 25 in Axes
 84741 | Coc:2    | Gained mutation: You are resistant to hostile enchantments. (MR+) [mutagenic glow]
 84863 | Coc:4    | Noticed a shard shrike
 84873 | Coc:4    | Killed a shard shrike
 85054 | Coc:4    | Noticed a shard shrike
 85056 | Coc:4    | Noticed a shard shrike
 85072 | Coc:4    | Killed a shard shrike
 85078 | Coc:4    | Killed a shard shrike
 85538 | Coc:7    | Entered Level 7 of Cocytus
 85546 | Coc:7    | Noticed a shard shrike
 85546 | Coc:7    | Noticed a shard shrike
 85549 | Coc:7    | Noticed a shard shrike
 85559 | Coc:7    | Killed a shard shrike
 85559 | Coc:7    | Reached skill level 15 in Invocations
 85564 | Coc:7    | Killed a shard shrike
 85571 | Coc:7    | Killed a shard shrike
 85602 | Coc:7    | Noticed a shard shrike
 85635 | Coc:7    | Killed a shard shrike
 85904 | Coc:3    | Gained mutation: You are clumsy. (Dex -2) [mutagenic glow]
 85978 | Coc:5    | Noticed a shard shrike
 86019 | Coc:5    | Killed a shard shrike
 86019 | Coc:5    | Reached skill level 26 in Axes
 86194 | Coc:7    | Noticed a shard shrike
 86205 | Coc:7    | Noticed a shard shrike
 86207 | Coc:7    | Killed a shard shrike
 86213 | Coc:7    | Killed a shard shrike
 86223 | Coc:7    | Noticed Antaeus
 86238 | Coc:7    | Noticed a shard shrike
 86251 | Coc:7    | HP: 8/224 [Antaeus (39)]
 86251 | Coc:7    | HP: 2/224 [Antaeus (6)]
 86252 | Coc:7    | Killed Antaeus
 86270 | Coc:7    | Killed a shard shrike
 86590 | Coc:5    | Noticed a shard shrike
 86590 | Coc:5    | Noticed a shard shrike
 86597 | Coc:5    | Noticed a shard shrike
 86602 | Coc:5    | Killed a shard shrike
 86613 | Coc:5    | Noticed a shard shrike
 86625 | Coc:5    | Killed a shard shrike
 86630 | Coc:5    | Killed a shard shrike
 86646 | Coc:5    | Killed a shard shrike
 86794 | Coc:5    | Noticed a shard shrike
 86801 | Coc:5    | Reached skill level 1 in Summonings
 86821 | Coc:5    | Killed a shard shrike
 86821 | Coc:5    | Reached skill level 1 in Spellcasting
 87214 | Coc:7    | Got an icy rune of Zot
 87320 | Coc:7    | Was forgiven by Okawaru
 87439 | Coc:7    | Got a twisted rapier
 87440 | Coc:7    | Identified the cursed +1 rapier of Dawn {venom, rC+ Str+4} (You found it on level 7 of Cocytus)
 87526 | Coc:7    | Reached skill level 5 in Spellcasting
 87526 | Coc:7    | Reached skill level 5 in Summonings
 87632 | Coc:7    | Noticed a shard shrike
 87752 | Depths:3 | Voluntarily entered the Abyss.
 87752 | Abyss:1  | Found a corrupted altar of Lugonu.
 88421 | Abyss:1  | Gained mutation: Your magical capacity is extremely low. (-30% MP) [a neqoxec]
 88479 | Abyss:1  | Lost mutation: Your natural rate of healing is unusually fast. [a shining eye]
 88658 | Abyss:2  | Found a corrupted altar of Lugonu.
 89422 | Abyss:3  | Gained mutation: Your spells are a little easier to cast, but a little less powerful. [a neqoxec]
 89804 | Abyss:3  | Got an abyssal rune of Zot
 90008 | Depths:3 | Escaped the Abyss
 90074 | Geh:1    | Entered Level 1 of Gehenna
 90099 | Geh:1    | Reached skill level 10 in Spellcasting
 90101 | Geh:1    | Reached skill level 10 in Summonings
 91414 | Geh:7    | Entered Level 7 of Gehenna
 92390 | Geh:7    | Killed from afar by a Brimstone Fiend

Vault maps used:
D:1:      eino_arrival_water_star, minmay_misc_feat_x
D:2:      lemuel_doored_altar, hangedman_decor_growths, st_stairs_13,
          makhleb_altar_promises_db
D:3:      uniq_robin
D:4:      yredelemnul_altar_generic, serial_shops, kennysheep_mini
D:5:      kennysheep_little_box, overflow_temple_1_default,
          minmay_temple_entry_water_ring, first_ration,
          kennysheep_pointless_box, serial_bayou_pond_c
D:6:      grunt_temple_overflow_open, uniq_duvessa
D:7:      gammafunk_wand_slinger, uniq_crazy_yiuf_cottage
D:8:      kennysheep_mini_moat, basic_altar, grunt_livestock
D:9:      david_orc_1_choice
D:11:     dpeg_lair_monsters, serial_shops, shop, minmay_misc_feat_doors,
          trog_ov_bears_minmay
D:12:     serial_shops, nicolae_shop_statue_plus, minmay_misc_feat_plants
D:13:     serial_glass, glass_columns_b, glass_columns_a, nicolae_wwwww
D:14:     david_vaults_1, elyvilon_altar_4
D:15:     grunt_enter_depths_giant_problem, portal_ice_cave_demonic_guard,
          fedhas_altar_1, uniq_urug
Temple:   eino_narrow_crystal_temple
Lair:3:   elwin_shoals_entry_rooms, infiniplex_staircase_pool_2, uniq_harold
Lair:4:   gammafunk_lair_enchanted_lake, dummy_snake_entry,
          minmay_lair_oklob_chamber
Lair:5:   grunt_megastairs_5, serial_bayou_shore_b
Lair:6:   minmay_lair_end_enchanted_forest, slime_altar_1
Shoals:1: yaktaur_hedge, uniq_aizul
Shoals:2: uniq_frances
Shoals:3: uniq_kirke
Shoals:4: shoals_end_grunt_ice, shoals_ilsuiw_ice, serial_shops, shop,
          nicolae_shop_crystal, shop_statue, shop, shop
Snake:1:  serial_shops, nicolae_shop_stone, uniq_louise
Snake:2:  abandoned_shop
Snake:3:  dpeg_oklob_gauntlet, serial_bayou_shore_a, lemuel_fruit_tree
Snake:4:  snake_pit_salamanders_mu
Orc:2:    pf_orc_diabolical, basic_altar
Elf:1:    eino_elf_arrival_customs
Elf:2:    serial_shops, bzr_entry_road
Elf:3:    grunt_elf_hall_diamonds, serial_shops, nicolae_shop_behind_doors,
          minivault_16, hangedman_elf_targetted_burst
Vaults:1: st_greater_box_3, ontoclasm_vaults_ring_square, v_pattern_5,
          vaults_room_door_hall, ontoclasm_vaults_ring_small,
          hangedman_vaults_restitches, vaults_room_grunt_arrival_ludios
Vaults:2: hangedman_vaults_snaps, st_greater_box_4, v_misc_23, v_misc_30,
          vaults_room_pools, grunt_vaults_diagonal, hangedman_vaults_capsules,
          vaults_mumra_lcd, nicolae_vaults_ring_of_whatevers,
          nicolae_vaults_rhombus_7, hangedman_vaults_stagger,
          hangedman_vaults_nails, vaults_mumra_hexcomb, serial_shops,
          bzr_entry_dummy
Vaults:3: st_more_cells, grunt_vaults_focal, blue_anna_dwarven_crypt, v_misc_27,
          nicolae_vaults_network_star, grunt_vaults_twisty, mu_enter_wizlab_7,
          uniq_donald, uniq_bai_suzhen, uniq_jory
Vaults:4: hangedman_vaults_river_flow, nicolae_vaults_little_squares_2,
          hangedman_vaults_unwind, nicolae_vaults_minivaults,
          nicolae_vaults_big_ls, vaults_dpeg_diagonal,
          ontoclasm_vaults_ligature, vaults_standard_mumra_enter_the_diamond,
          hangedman_vaults_trim, vaults_room_pools, vaults_dpeg_encased_lava,
          serial_shops, shop, nicolae_shop_crystal, shop_fountains, shop_statue,
          shop, uniq_mennas, uniq_jorgrun, uniq_margery, uniq_xtahua
Vaults:5: serial_shops
Crypt:3:  evilmike_haunted_forest
Depths:1: cheibriados_altar_1, pf_vacation_house_of_asmodeus,
          nicolae_trove_entry_crossroad, nicolae_rare_books, minmay_shop_grove,
          uniq_mara
Depths:2: minmay_nine_rooms, hangedman_coc_ice_floe,
          hangedman_abyss_or_decor_lesser_grid, minmay_shoptagon,
          uniq_saint_roka
Depths:3: lemuel_flame_loot_2, enter_ziggurat_a, old_standard_altar,
          serial_shops, nicolae_shop_behind_doors, nicolae_shop_trees,
          hell_entry, rand_demon_pan_entry_9, abyss_entry, sword_in_stone,
          infiniplex_staircase_split_hallway
Depths:4: spriggan_forest, abyss_entry, hell_entry
Depths:5: grunt_x_marks_the_spot, grunt_decor_cap, hellmouth_1, minivault_16
Geh:4:    nicolae_geh_single_fiery_grave
Geh:5:    hangedman_hellfire_club
Geh:7:    geh_old
Coc:2:    grunt_deathspiral_small
Coc:7:    coc_dpeg
Zot:2:    hangedman_zot_decor_tridents
Abyss:3:  guppyfry_abyss_exit_glass_guarded
Bazaar:   grunt_bazaar_doublecross, bazaar_minmay_trees
IceCv:    ice_cave_caverns_01
WizLab:   wizlab_zonguldrok

Skill      XL: |  1  2  3  4  5  6  7  8  9 10 11 12 13 14 15 16 17 18 19 20 21 22 23 24 25 26 27 |
---------------+----------------------------------------------------------------------------------+-----
Axes           | 3 4 6 7 8 9 11 12 13 15 16 18 20 21 22 26 | 26.0
Shields        | 4 6 7 9 10 12 13 14 15 16 18 19 20 21 23 | 23.7
Dodging        | 2 4 5 7 9 10 11 12 13 14 15 25 | 25.0
Fighting       | 4 5 6 7 8 10 13 14 15 16 17 18 19 20 | 20.1
Invocations    | 4 9 10 22 | 22.0
Armour         | 4 5 6 8 9 10 12 14 15 16 17 18 19 20 24 | 24.1
Summonings     | 14 | 14.0
Spellcasting   | 14 | 14.0
Maces & Flails | |  0.5

Action                   |  1- 3 |  4- 6 |  7- 9 | 10-12 | 13-15 | 16-18 | 19-21 | 22-24 | 25-27 || total
-------------------------+-------+-------+-------+-------+-------+-------+-------+-------+-------++-------
Melee: War axe           |   124 |   162 |     6 |       |       |       |       |       |       ||   292
       Broad axe         |       |       |   284 |   134 |       |       |       |       |       ||   418
       Battleaxe         |       |       |       |   430 |  1220 |  1366 |  1403 |  2007 |  5836 || 12262
       Dire flail        |       |       |       |     4 |    39 |       |       |       |       ||    43
       Bardiche          |       |       |       |       |       |    28 |       |       |       ||    28
       Morningstar       |       |       |       |       |       |    12 |       |       |       ||    12
       Executioner's axe |       |       |       |       |       |       |       |       |  2685 ||  2685
       Unarmed           |       |       |       |       |       |       |       |       |     3 ||     3
 Fire: Arbalest          |       |       |       |       |       |     2 |    16 |    29 |       ||    47
Throw: Javelin           |    18 |    54 |    10 |       |       |       |       |       |       ||    82
       Tomahawk          |       |     3 |    37 |   106 |    51 |       |       |       |       ||   197
Invok: Heroism           |       |       |     7 |    22 |    16 |     9 |     7 |     5 |    25 ||    91
       Finesse           |       |       |       |     3 |     8 |     3 |     2 |     6 |    17 ||    39
       Summon Divine War |       |       |       |       |       |       |       |       |    28 ||    28
       Divine Shield     |       |       |       |       |       |       |       |       |     9 ||     9
       Brand Weapon With |       |       |       |       |       |       |       |       |     1 ||     1
 Abil: Dig               |       |       |       |       |     9 |     4 |     3 |     1 |    11 ||    28
       Evoke Flight      |       |       |       |       |       |       |     2 |     1 |     2 ||     5
  Use: Scroll            |     3 |     8 |     9 |     9 |     6 |     8 |     6 |     4 |    44 ||    97
       Potion            |       |       |     1 |     1 |     1 |     1 |     1 |     1 |    18 ||    24
 Stab: Petrified         |       |       |       |       |     7 |       |       |       |     1 ||     8
       Distracted        |       |       |       |       |       |     2 |       |       |     2 ||     4
  Eat: Chunk             |     2 |     8 |     4 |     8 |    28 |    28 |    21 |    29 |    80 ||   208
       Ration            |       |       |     3 |     6 |     3 |     5 |     1 |     3 |    20 ||    41
Armor: Scale mail        |    40 |       |       |       |       |       |       |       |       ||    40
       Chain mail        |    14 |    63 |    50 |       |       |       |       |       |       ||   127
       Plate armour      |       |       |    62 |   157 |   462 |   380 |   177 |   330 |   141 ||  1709
       Crystal plate arm |       |       |       |       |       |       |       |       |  1837 ||  1837
Dodge: Dodged            |    21 |    34 |    58 |    94 |   311 |   391 |   265 |   422 |  2055 ||  3651
Block: Shield            |    60 |    76 |   138 |   264 |   674 |   598 |    26 |       |       ||  1836
       Large shield      |       |       |       |       |       |       |   731 |  1365 |  6449 ||  8545
       Reflection        |       |       |       |       |       |       |       |       |    21 ||    21

Table legend:
 A = Spawn XP
 B = Non-spawn XP
 C = Spawn XP percentage of total XP
 D = Spawn monster count
 E = Non-spawn monster count
 F = Spawn count percentage of total count
 G = Total turns spent on level
                    A         B        C        D         E        F      G
               +---------+---------+-------+---------+---------+-------+---------
         Total |   94318 | 2567757 |   3.5 |     172 |    3660 |   4.5 | 92390
               +---------+---------+-------+---------+---------+-------+---------
           D:1 |       0 |      48 |   0.0 |       0 |      24 |   0.0 |  1352
           D:2 |       0 |      62 |   0.0 |       0 |      20 |   0.0 |  1047
           D:3 |       0 |      91 |   0.0 |       0 |      27 |   0.0 |  1005
           D:4 |       0 |     357 |   0.0 |       0 |      15 |   0.0 |   991
           D:5 |       0 |     610 |   0.0 |       0 |      13 |   0.0 |  1100
           D:6 |       0 |     672 |   0.0 |       0 |      14 |   0.0 |  1246
           D:7 |       0 |     857 |   0.0 |       0 |      23 |   0.0 |  1028
           D:8 |       0 |    1924 |   0.0 |       0 |      14 |   0.0 |  1509
           D:9 |       0 |    3885 |   0.0 |       0 |      38 |   0.0 |  1836
          D:10 |       0 |    2285 |   0.0 |       0 |      17 |   0.0 |  1569
          D:11 |       0 |    5803 |   0.0 |       0 |      24 |   0.0 |  1948
          D:12 |       0 |    6540 |   0.0 |       0 |      22 |   0.0 |  1539
          D:13 |       0 |    7352 |   0.0 |       0 |      29 |   0.0 |   798
          D:14 |       0 |    9065 |   0.0 |       0 |      34 |   0.0 |  1922
          D:15 |       0 |   22169 |   0.0 |       0 |      52 |   0.0 |  1370
        Lair:1 |       0 |    5233 |   0.0 |       0 |      20 |   0.0 |  2164
        Lair:2 |       0 |    1713 |   0.0 |       0 |       5 |   0.0 |  1352
        Lair:3 |       0 |    6143 |   0.0 |       0 |      26 |   0.0 |  1893
        Lair:4 |       0 |   16712 |   0.0 |       0 |      49 |   0.0 |  2444
        Lair:5 |       0 |    7197 |   0.0 |       0 |      26 |   0.0 |  1247
        Lair:6 |       0 |   19680 |   0.0 |       0 |      76 |   0.0 |  2287
      Shoals:1 |       0 |   16608 |   0.0 |       0 |      32 |   0.0 |   657
      Shoals:2 |       0 |   17474 |   0.0 |       0 |      35 |   0.0 |   877
      Shoals:3 |       0 |   23765 |   0.0 |       0 |      50 |   0.0 |  1517
      Shoals:4 |       0 |   38975 |   0.0 |       0 |      67 |   0.0 |   973
       Snake:1 |       0 |   16805 |   0.0 |       0 |      32 |   0.0 |   528
       Snake:2 |       0 |   21733 |   0.0 |       0 |      35 |   0.0 |   954
       Snake:3 |       0 |   23616 |   0.0 |       0 |      45 |   0.0 |  1055
       Snake:4 |       0 |   77830 |   0.0 |       0 |     119 |   0.0 |  1631
         Orc:1 |       0 |    1640 |   0.0 |       0 |      29 |   0.0 |   707
         Orc:2 |       0 |   19744 |   0.0 |       0 |      97 |   0.0 |  2391
         Elf:1 |       0 |   13553 |   0.0 |       0 |      23 |   0.0 |  2290
         Elf:2 |       0 |   50623 |   0.0 |       0 |      72 |   0.0 |  2796
         Elf:3 |       0 |   63707 |   0.0 |       0 |      60 |   0.0 |  1524
      Vaults:1 |       0 |   71763 |   0.0 |       0 |      95 |   0.0 |  2105
      Vaults:2 |       0 |   92285 |   0.0 |       0 |     140 |   0.0 |  2244
      Vaults:3 |       0 |   69186 |   0.0 |       0 |      98 |   0.0 |  2520
      Vaults:4 |       0 |  137960 |   0.0 |       0 |     156 |   0.0 |  1883
      Vaults:5 |       0 |  118244 |   0.0 |       0 |     102 |   0.0 |  1387
       Crypt:1 |       0 |   32785 |   0.0 |       0 |      53 |   0.0 |  1075
       Crypt:2 |       0 |   34535 |   0.0 |       0 |      49 |   0.0 |   885
       Crypt:3 |       0 |   71785 |   0.0 |       0 |     103 |   0.0 |  1743
      Depths:1 |       0 |   57224 |   0.0 |       0 |      61 |   0.0 |  2909
      Depths:2 |       0 |   73859 |   0.0 |       0 |      74 |   0.0 |  2527
      Depths:3 |       0 |   75081 |   0.0 |       0 |      87 |   0.0 |  1955
      Depths:4 |       0 |   75227 |   0.0 |       0 |     122 |   0.0 |  2763
      Depths:5 |       0 |   79220 |   0.0 |       0 |      64 |   0.0 |  1711
          Hell |       0 |   43205 |   0.0 |       0 |      82 |   0.0 |   860
         Geh:1 |       0 |   43444 |   0.0 |       0 |      96 |   0.0 |   412
         Geh:2 |       0 |   13098 |   0.0 |       0 |      37 |   0.0 |   117
         Geh:3 |       0 |    2475 |   0.0 |       0 |      10 |   0.0 |   109
         Geh:4 |       0 |    6615 |   0.0 |       0 |      23 |   0.0 |   120
         Geh:5 |       0 |   19685 |   0.0 |       0 |      45 |   0.0 |   248
         Geh:6 |       0 |   36543 |   0.0 |       0 |      48 |   0.0 |   334
         Geh:7 |       0 |   62119 |   0.0 |       0 |     100 |   0.0 |   976
         Coc:1 |       0 |     880 |   0.0 |       0 |       2 |   0.0 |    46
         Coc:2 |       0 |    7920 |   0.0 |       0 |      18 |   0.0 |   201
         Coc:3 |       0 |    5506 |   0.0 |       0 |      15 |   0.0 |   126
         Coc:4 |       0 |   38596 |   0.0 |       0 |      47 |   0.0 |   451
         Coc:5 |       0 |   58696 |   0.0 |       0 |      72 |   0.0 |   669
         Coc:6 |       0 |    6068 |   0.0 |       0 |      18 |   0.0 |   232
         Coc:7 |       0 |  137432 |   0.0 |       0 |     131 |   0.0 |  1007
         Zot:1 |       0 |   76039 |   0.0 |       0 |      48 |   0.0 |  1857
         Zot:2 |       0 |   41569 |   0.0 |       0 |      26 |   0.0 |   714
         Zot:3 |       0 |   74978 |   0.0 |       0 |      38 |   0.0 |  1478
         Zot:4 |       0 |   48458 |   0.0 |       0 |      32 |   0.0 |   957
         Zot:5 |       0 |  240076 |   0.0 |       0 |      86 |   0.0 |  2035
       Abyss:1 |   32990 |   20015 |  62.2 |      51 |      34 |  60.0 |   906
       Abyss:2 |      45 |       0 | 100.0 |       1 |       0 | 100.0 |    16
       Abyss:3 |   61283 |   60467 |  50.3 |     120 |      92 |  56.6 |  1334
         IceCv |       0 |   13928 |   0.0 |       0 |      57 |   0.0 |   852
        WizLab |       0 |   16320 |   0.0 |       0 |      35 |   0.0 |   369
               +---------+---------+-------+---------+---------+-------+---------
